General information
- name: BNet
- type: Ladder team game (AT/RT)
- host: Battle.net
- saver: DarKNeSS.RT
map: Deadlock
- players: 8
- length: 48:58
- speed: Fast
- version: 1.24 W3XP
- replay type: Public
» download(418 KB)
Players
team 1 (winner)
DarKNeSS.RT (
yellow | 135 APM | 6627 actions | 48:58)
9 Death Knight
3 Death Coil
3 Unholy Aura
1 Animate Dead
2 Death Pact
8 Lich
3 Frost Nova
3 Frost Armor
1 Death and Decay
1 Dark Ritual
» actions
| Assign group hotkey | 50 | |
| Basic commands | 225 | |
| Build / train | 125 | |
| Enter build submenu | 51 | |
| Enter hero's abilities submenu | 20 | |
| Give item / drop item | 2 | |
| Right click | 3053 | |
| Select / deselect | 887 | |
| Select group hotkey | 1892 | |
| Use ability | 322 | |
6627 total
» units
| Acolyte | 20 | |
| Ghoul | 7 | |
| Crypt Fiend | 19 | |
| Obsidian Statue | 9 | |
| Frost Wyrm | 4 | |
59 total
» upgrades
| Creature Attack | 1 | |
| Burrow | 1 | |
| Destroyer Form | 1 | |
| Web | 1 | |
| Freezing Breath | 1 | |
5 total
» buildings
| Graveyard | 2 | |
| Crypt | 3 | |
| Altar of Darkness | 2 | |
| Ziggurat | 26 | |
| Tomb of Relics | 1 | |
| Nerubian Tower | 3 | |
| Halls of the Dead | 2 | |
| Black Citadel | 2 | |
| Slaughterhouse | 3 | |
| Sacrificial Pit | 2 | |
| Spirit Tower | 22 | |
| Boneyard | 2 | |
| Necropolis | 3 | |
73 total
» build order
00:07 Graveyard
00:10 Crypt
00:43 Altar of Darkness
00:58 Ziggurat
01:24 Tomb of Relics
01:57 Nerubian Tower
02:12 Ziggurat
03:54 Halls of the Dead
04:30 Ziggurat
06:48 Ziggurat
08:29 Black Citadel
08:31 Slaughterhouse
09:30 Sacrificial Pit
10:57 Slaughterhouse
11:14 Spirit Tower
11:14 Spirit Tower
14:16 Boneyard
15:32 Ziggurat
15:42 Necropolis
17:54 Slaughterhouse
18:50 Boneyard
19:33 Ziggurat
22:05 Necropolis
24:34 Spirit Tower
32:32 Necropolis
32:40 Spirit Tower
32:52 Ziggurat
32:53 Ziggurat
33:11 Ziggurat
33:12 Ziggurat
34:05 Nerubian Tower
34:05 Spirit Tower
34:06 Spirit Tower
34:06 Spirit Tower
34:08 Spirit Tower
34:40 Crypt
35:25 Halls of the Dead
35:46 Ziggurat
35:49 Ziggurat
35:54 Ziggurat
35:55 Ziggurat
36:24 Crypt
36:42 Graveyard
37:25 Altar of Darkness
38:14 Ziggurat
38:14 Ziggurat
38:16 Ziggurat
38:17 Ziggurat
39:47 Spirit Tower
39:47 Spirit Tower
40:09 Spirit Tower
40:09 Spirit Tower
40:23 Spirit Tower
40:53 Ziggurat
40:54 Ziggurat
40:54 Ziggurat
41:10 Ziggurat
41:27 Ziggurat
41:41 Ziggurat
42:02 Nerubian Tower
42:03 Spirit Tower
42:19 Spirit Tower
42:25 Sacrificial Pit
42:41 Spirit Tower
42:41 Spirit Tower
42:41 Spirit Tower
44:07 Ziggurat
44:24 Ziggurat
45:34 Spirit Tower
45:34 Spirit Tower
47:17 Black Citadel
» items
| Rod of Necromancy | 3 | |
| Dust of Appearance | 2 | |
| Potion of Mana | 1 | |
| Scroll of Town Portal | 4 | |
| Orb of Corruption | 1 | |
| Potion of Healing | 1 | |
12 total
Newbz (
teal | 73 APM | 3596 actions | 48:58)
7 Death Knight
3 Death Coil
2 Unholy Aura
1 Death Pact
1 Animate Dead
2 Lich
1 Frost Nova
1 Frost Armor
» actions
| Assign group hotkey | 43 | |
| Basic commands | 105 | |
| Build / train | 44 | |
| Enter build submenu | 19 | |
| Enter hero's abilities submenu | 9 | |
| Right click | 1620 | |
| Select / deselect | 405 | |
| Select group hotkey | 1253 | |
| Use ability | 98 | |
3596 total
» units
| Acolyte | 6 | |
| Ghoul | 4 | |
| Crypt Fiend | 8 | |
18 total
» upgrades
| Burrow | 1 | |
| Creature Attack | 1 | |
| Web | 1 | |
3 total
» buildings
| Graveyard | 1 | |
| Crypt | 1 | |
| Altar of Darkness | 1 | |
| Ziggurat | 5 | |
| Tomb of Relics | 1 | |
| Nerubian Tower | 2 | |
| Halls of the Dead | 1 | |
| Black Citadel | 2 | |
| Sacrificial Pit | 1 | |
| Boneyard | 3 | |
| Spirit Tower | 3 | |
| Necropolis | 1 | |
22 total
» build order
00:12 Graveyard
00:16 Crypt
00:50 Altar of Darkness
01:03 Ziggurat
01:45 Tomb of Relics
02:06 Ziggurat
02:40 Nerubian Tower
04:09 Halls of the Dead
04:41 Ziggurat
06:34 Ziggurat
06:52 Black Citadel
08:04 Sacrificial Pit
09:41 Boneyard
09:55 Boneyard
09:57 Boneyard
10:58 Spirit Tower
10:58 Spirit Tower
12:26 Necropolis
12:29 Spirit Tower
12:31 Ziggurat
14:09 Nerubian Tower
» items
| Rod of Necromancy | 1 | |
| Dust of Appearance | 1 | |
| Scroll of Town Portal | 1 | |
3 total

»
R-a-n-d-o-m (
blue | 69 APM | 3356 actions | 48:58)
6 Priestess of the Moon
2 Searing Arrows
3 Trueshot Aura
1 Starfall
» actions
| Assign group hotkey | 65 | |
| Basic commands | 68 | |
| Build / train | 99 | |
| Enter build submenu | 23 | |
| Enter hero's abilities submenu | 6 | |
| Give item / drop item | 2 | |
| Right click | 1681 | |
| Select / deselect | 565 | |
| Select group hotkey | 747 | |
| Use ability | 100 | |
3356 total
» units
| Wisp | 31 | |
| Archer | 11 | |
| Chimaera | 20 | |
| Druid of the Talon | 2 | |
64 total
» upgrades
| Improved Bows | 1 | |
| Strength of the Wild | 1 | |
| Reinforced Hides | 1 | |
| Corrosive Breath | 1 | |
| Druid of the Talon Training | 1 | |
5 total
» buildings
| Altar of Elders | 1 | |
| Moon Well | 5 | |
| Ancient of War | 1 | |
| Tree of Ages | 2 | |
| Hunter's Hall | 1 | |
| Ancient of Wonders | 1 | |
| Tree of Life | 5 | |
| Tree of Eternity | 5 | |
| Ancient of Wind | 1 | |
| Chimaera Roost | 4 | |
| Ancient Protector | 1 | |
27 total
» build order
00:17 Altar of Elders
00:24 Moon Well
00:48 Ancient of War
01:34 Moon Well
02:51 Moon Well
03:30 Tree of Ages
03:30 Tree of Ages
04:42 Hunter's Hall
04:45 Ancient of Wonders
05:32 Tree of Life
05:54 Tree of Eternity
05:54 Tree of Eternity
05:55 Tree of Eternity
06:18 Ancient of Wind
08:20 Chimaera Roost
08:21 Chimaera Roost
08:21 Chimaera Roost
10:07 Moon Well
10:14 Moon Well
13:16 Tree of Life
18:53 Tree of Life
19:07 Ancient Protector
21:57 Tree of Life
25:37 Tree of Life
» items
| Dust of Appearance | 2 | |
| Lesser Clarity Potion | 1 | |
| Scroll of Regeneration | 2 | |
| Scroll of Town Portal | 2 | |
| Potion of Healing | 1 | |
| Potion of Lesser Invulnerability | 1 | |
| Scroll of Healing | 1 | |
| Staff of Teleportation | 2 | |
12 total

»
igivelessons (
orange | 59 APM | 2872 actions | 48:58)
5 Archmage
3 Summon Water Elemental
2 Brilliance Aura
» actions
| Assign group hotkey | 303 | |
| Basic commands | 394 | |
| Build / train | 83 | |
| Enter build submenu | 21 | |
| Enter hero's abilities submenu | 5 | |
| Remove unit from queue | 2 | |
| Right click | 584 | |
| Select / deselect | 571 | |
| Select group hotkey | 744 | |
| Use ability | 164 | |
2872 total
» units
| Peasant | 23 | |
| Footman | 14 | |
| Spell Breaker | 3 | |
| Priest | 6 | |
| Sorceress | 2 | |
48 total
» upgrades
» buildings
| Altar of Kings | 4 | |
| Farm | 5 | |
| Barracks | 1 | |
| Scout Tower | 3 | |
| Arcane Tower | 7 | |
| Arcane Vault | 2 | |
| Town Hall | 2 | |
| Keep | 3 | |
| Arcane Sanctum | 2 | |
29 total
» build order
00:45 Altar of Kings
00:49 Farm
00:58 Barracks
01:20 Farm
01:49 Scout Tower
02:06 Farm
02:18 Farm
02:19 Arcane Tower
02:20 Arcane Tower
02:20 Arcane Tower
02:45 Farm
04:28 Scout Tower
04:58 Arcane Tower
04:58 Arcane Tower
07:29 Arcane Vault
07:56 Town Hall
08:35 Scout Tower
09:07 Keep
09:07 Keep
09:30 Arcane Tower
09:31 Arcane Tower
12:43 Arcane Sanctum
12:46 Arcane Sanctum
14:10 Altar of Kings
19:56 Town Hall
23:28 Arcane Vault
26:04 Altar of Kings
29:00 Altar of Kings
» items
| Scroll of Regeneration | 2 | |
| Lesser Clarity Potion | 1 | |
| Scroll of Town Portal | 1 | |
| Potion of Healing | 2 | |
6 total
team 2 (loser)
grom_hellzcream (
green | 46 APM | 2085 actions | 45:09)
7 Blademaster
3 Wind Walk
3 Critical Strike
1 Bladestorm
4 Far Seer
2 Feral Spirit
2 Chain Lighting
» actions
| Basic commands | 41 | |
| Build / train | 117 | |
| Enter build submenu | 40 | |
| Enter hero's abilities submenu | 11 | |
| Give item / drop item | 2 | |
| Right click | 1091 | |
| Select / deselect | 559 | |
| Use ability | 224 | |
2085 total
» units
| Peon | 17 | |
| Grunt | 8 | |
| Troll Headhunter/Berserker | 9 | |
| Shaman | 14 | |
| Troll Witch Doctor | 3 | |
| Wind Rider | 17 | |
68 total
» upgrades
| Shaman Training | 2 | |
| Witch Doctor Training | 2 | |
| Berserker Upgrade | 1 | |
| Ranged Weapons | 1 | |
| Armor | 1 | |
7 total
» buildings
| Altar of Storms | 1 | |
| Orc Burrow | 10 | |
| Barracks | 1 | |
| Voodoo Lounge | 1 | |
| War Mill | 1 | |
| Watch Tower | 16 | |
| Stronghold | 1 | |
| Fortress | 1 | |
| Spirit Lodge | 2 | |
| Great Hall | 3 | |
| Beastiary | 1 | |
38 total
» build order
00:18 Altar of Storms
00:24 Orc Burrow
00:58 Barracks
01:54 Orc Burrow
02:00 Voodoo Lounge
02:52 War Mill
03:05 Orc Burrow
04:23 Watch Tower
04:27 Watch Tower
04:30 Watch Tower
05:05 Stronghold
07:27 Fortress
08:14 Spirit Lodge
08:16 Spirit Lodge
08:51 Watch Tower
10:09 Orc Burrow
13:59 Great Hall
15:38 Orc Burrow
17:48 Beastiary
24:05 Great Hall
25:54 Watch Tower
25:56 Watch Tower
29:39 Orc Burrow
29:48 Orc Burrow
30:32 Orc Burrow
35:44 Orc Burrow
36:22 Watch Tower
36:28 Watch Tower
36:29 Watch Tower
36:31 Watch Tower
37:27 Watch Tower
37:32 Watch Tower
37:33 Watch Tower
37:44 Watch Tower
37:50 Watch Tower
37:52 Watch Tower
41:21 Orc Burrow
43:35 Great Hall
» items
| Healing Salve | 2 | |
| Lesser Clarity Potion | 7 | |
| Scroll of Town Portal | 5 | |
| Potion of Lesser Invulnerability | 3 | |
| Orb of Lightning | 1 | |
| Potion of Healing | 6 | |
| Scroll of Speed | 1 | |
| Potion of Mana | 2 | |
27 total

»
idoGAYstrats (
red | 83 APM | 4043 actions | 48:57)
4 Shadow Hunter
2 Serpent Ward
2 Hex
3 Tauren Chieftain
1 War Stomp
2 Endurance Aura
» actions
| Assign group hotkey | 67 | |
| Basic commands | 250 | |
| Build / train | 88 | |
| ESC pressed | 2 | |
| Enter build submenu | 51 | |
| Enter hero's abilities submenu | 7 | |
| Give item / drop item | 1 | |
| Right click | 1208 | |
| Select / deselect | 1049 | |
| Select group hotkey | 1143 | |
| Use ability | 177 | |
4043 total
» units
| Peon | 29 | |
| Grunt | 4 | |
| Troll Headhunter/Berserker | 4 | |
| Tauren | 4 | |
| Spirit Walker | 4 | |
| Troll Batrider | 7 | |
| Wind Rider | 6 | |
58 total
» upgrades
| Spirit Walker Training | 2 | |
| Armor | 1 | |
| Melee Weapons | 1 | |
| Ranged Weapons | 1 | |
5 total
» buildings
| Altar of Storms | 5 | |
| Orc Burrow | 13 | |
| Barracks | 1 | |
| Voodoo Lounge | 3 | |
| Stronghold | 3 | |
| War Mill | 2 | |
| Fortress | 1 | |
| Spirit Lodge | 2 | |
| Tauren Totem | 1 | |
| Watch Tower | 2 | |
| Great Hall | 3 | |
| Beastiary | 2 | |
38 total
» build order
00:20 Altar of Storms
00:36 Orc Burrow
00:50 Barracks
01:47 Orc Burrow
01:57 Voodoo Lounge
03:58 Stronghold
04:34 Orc Burrow
04:36 War Mill
06:35 Fortress
08:16 Orc Burrow
08:23 Orc Burrow
08:26 Orc Burrow
08:37 Spirit Lodge
09:33 Spirit Lodge
09:36 Tauren Totem
10:44 Watch Tower
13:51 Orc Burrow
14:43 Great Hall
17:49 Watch Tower
18:07 Altar of Storms
18:43 Altar of Storms
32:32 Great Hall
37:42 Great Hall
39:41 Stronghold
39:43 Altar of Storms
39:45 Orc Burrow
41:23 Voodoo Lounge
42:03 Beastiary
42:05 Beastiary
42:42 Orc Burrow
42:43 Orc Burrow
43:56 Orc Burrow
43:58 Orc Burrow
45:53 War Mill
47:29 Voodoo Lounge
47:35 Orc Burrow
47:47 Stronghold
48:45 Altar of Storms
» items
| Lesser Clarity Potion | 1 | |
| Healing Salve | 4 | |
| Scroll of Town Portal | 1 | |
| Orb of Lightning | 1 | |
| Potion of Lesser Invulnerability | 1 | |
| Boots of Speed | 1 | |
| Staff of Teleportation | 1 | |
10 total

»
DynamiC.BlOoDy. (
pink | 139 APM | 5569 actions | 40:08)
8 Blademaster
3 Wind Walk
3 Critical Strike
1 Bladestorm
1 Mirror Image
» actions
| Assign group hotkey | 154 | |
| Basic commands | 509 | |
| Build / train | 103 | |
| ESC pressed | 3 | |
| Enter build submenu | 18 | |
| Enter hero's abilities submenu | 8 | |
| Give item / drop item | 4 | |
| Right click | 2397 | |
| Select / deselect | 554 | |
| Select group hotkey | 1613 | |
| Use ability | 206 | |
5569 total
» units
| Peon | 30 | |
| Raider | 2 | |
| Troll Batrider | 27 | |
59 total
» upgrades
| Ensnare | 1 | |
| Liquid Fire | 1 | |
| Reinforced Defenses | 1 | |
| Ranged Weapons | 2 | |
| Pillage | 1 | |
6 total
» buildings
| Altar of Storms | 1 | |
| Orc Burrow | 6 | |
| Voodoo Lounge | 2 | |
| Stronghold | 1 | |
| War Mill | 1 | |
| Fortress | 1 | |
| Beastiary | 2 | |
| Great Hall | 2 | |
| Watch Tower | 4 | |
20 total
» build order
00:06 Altar of Storms
00:20 Orc Burrow
01:59 Voodoo Lounge
02:09 Stronghold
02:31 Orc Burrow
02:35 War Mill
03:27 Voodoo Lounge
04:32 Fortress
05:02 Beastiary
05:05 Beastiary
05:33 Orc Burrow
06:22 Orc Burrow
23:49 Great Hall
29:57 Great Hall
31:11 Orc Burrow
32:33 Orc Burrow
33:15 Watch Tower
33:40 Watch Tower
33:41 Watch Tower
33:43 Watch Tower
» items
| Circlet of Nobility | 1 | |
| Healing Salve | 7 | |
| Boots of Speed | 1 | |
| Dust of Appearance | 1 | |
| Lesser Clarity Potion | 7 | |
| Orb of Lightning | 1 | |
| Scroll of Town Portal | 3 | |
| Tiny Great Hall | 1 | |
| Potion of Lesser Invulnerability | 1 | |
| Staff of Teleportation | 1 | |
24 total

»
alfilcb (
purple | 125 APM | 4090 actions | 32:35)
4 Shadow Hunter
2 Serpent Ward
1 Healing Wave
1 Hex
» actions
| Assign group hotkey | 37 | |
| Basic commands | 9 | |
| Build / train | 66 | |
| Enter build submenu | 16 | |
| Enter hero's abilities submenu | 4 | |
| Right click | 1708 | |
| Select / deselect | 448 | |
| Select group hotkey | 1618 | |
| Use ability | 184 | |
4090 total
» units
| Peon | 10 | |
| Raider | 29 | |
| Troll Batrider | 6 | |
45 total
» upgrades
| Melee Weapons | 2 | |
| Pillage | 1 | |
| Armor | 2 | |
| Ensnare | 1 | |
6 total
» buildings
| Altar of Storms | 2 | |
| Orc Burrow | 5 | |
| War Mill | 1 | |
| Stronghold | 1 | |
| Voodoo Lounge | 1 | |
| Beastiary | 2 | |
| Watch Tower | 4 | |
16 total
» build order
00:11 Altar of Storms
00:17 Orc Burrow
01:09 War Mill
02:10 Stronghold
02:30 Orc Burrow
02:38 Voodoo Lounge
04:47 Beastiary
04:50 Beastiary
04:52 Orc Burrow
06:10 Orc Burrow
06:13 Watch Tower
06:17 Watch Tower
08:29 Watch Tower
19:59 Watch Tower
23:53 Altar of Storms
24:17 Orc Burrow
» items
| Healing Salve | 3 | |
| Scroll of Speed | 1 | |
| Orb of Lightning | 1 | |
| Scroll of Town Portal | 2 | |
| Potion of Healing | 2 | |
9 total
Chat log
(00:24 / Allies) igivelessons: melee breakers
(00:24 / Allies) Newbz: this is going to be a ggg
(00:27 / Allies) Newbz: gg*
(00:28 / Allies) DarKNeSS.RT: fiend frost
(00:30 / Allies) igivelessons: agreed
(00:33 / Allies) Newbz: blue 100g?
(00:39 / All) Newbz: GL HF
(01:02 / Allies) DarKNeSS.RT: blue you expoing mid?
(01:08 / Allies) R-a-n-d-o-m: so
(01:14 / Allies) DarKNeSS.RT: ?
(01:33 / Allies) DarKNeSS.RT: that a no?
(01:38 / Allies) Newbz: tight battle for coil
(01:38 / Allies) R-a-n-d-o-m: yes
(01:41 / Allies) DarKNeSS.RT: k
(02:20 / All) DarKNeSS.RT: i was playing sc2 when this popped
(02:22 / Allies) Newbz: orange knights?
(02:25 / All) Newbz: lol
(02:26 / All) DarKNeSS.RT: i shared control with ally and said "brb found a war3 game"
(02:29 / Allies) igivelessons: nights breakers
(02:40 / All) idoGAYstrats: is beta pretty good?
(02:42 / Allies) igivelessons: morts maybe too
(02:46 / All) Newbz: team sucks in it
(02:48 / All) DarKNeSS.RT: yeah but boring game compared to war3
(03:00 / All) Newbz: no tp = fail pretty much
(03:06 / Allies) R-a-n-d-o-m: coming
(03:07 / Allies) DarKNeSS.RT: they rushing
(03:13 / Allies) DarKNeSS.RT: 2 sh mass wards
(03:17 / Allies) R-a-n-d-o-m: coming orange
(03:23 / Allies) R-a-n-d-o-m: get ward first
(03:44 / Allies) DarKNeSS.RT: all orc
(03:45 / Allies) DarKNeSS.RT: omg
(03:45 / Allies) Newbz: there 3 there
(03:47 / Allies) DarKNeSS.RT: 4
(03:51 / Allies) Newbz: need me?
(04:03 / Allies) DarKNeSS.RT: orange micro
(04:08 / Allies) R-a-n-d-o-m: bm
(04:35 / Allies) DarKNeSS.RT: 2 bm 2 sh
(04:38 / Allies) DarKNeSS.RT: prob mass rush
(05:30 / Allies) DarKNeSS.RT: tp
(05:55 / Allies) Newbz: bm
(06:16 / Allies) Newbz: stop for tps?
(06:18 / Allies) DarKNeSS.RT: me + teal
(06:37 / Allies) DarKNeSS.RT: get web
(07:25 / Allies) R-a-n-d-o-m: COMING
(07:28 / Allies) DarKNeSS.RT: fast
(07:38 / Allies) DarKNeSS.RT: no more mana
(08:01 / Allies) Newbz: shuda got tp first my bad for not forcing
(08:09 / Allies) R-a-n-d-o-m: B
(08:13 / Allies) Newbz: or shuda atlest b on thier tp
(08:23 / Allies) Newbz: get a tower orange
(08:25 / Allies) R-a-n-d-o-m: 4 ORC
(08:26 / Allies) DarKNeSS.RT: thought they were wyvs
(08:27 / Allies) DarKNeSS.RT: sorry
(08:41 / Allies) R-a-n-d-o-m: FIOGHT
(08:42 / Allies) R-a-n-d-o-m: ORANGE
(08:44 / Allies) R-a-n-d-o-m: FIGHT ORANGE
(08:53 / Allies) DarKNeSS.RT: cancel
(09:14 / Allies) DarKNeSS.RT: ill tp soon
(09:32 / Allies) Newbz: blue
(09:45 / Allies) R-a-n-d-o-m: CALL ARM
(10:41 / Allies) DarKNeSS.RT: b
(10:44 / Allies) DarKNeSS.RT: b
(10:44 / Allies) DarKNeSS.RT: b
(10:44 / Allies) DarKNeSS.RT: b
(10:55 / Allies) Newbz: tp syunm1
(11:00 / Allies) DarKNeSS.RT: got none
(11:10 / Allies) R-a-n-d-o-m: TOWER UP
(11:43 / Allies) Newbz: ffs
(12:52 / Allies) DarKNeSS.RT: hall him fast blue
(12:58 / Allies) DarKNeSS.RT: b
(13:00 / Allies) Newbz: b
(13:06 / Allies) Newbz: sigh
(13:11 / Allies) R-a-n-d-o-m: DAMN ORANGE
(13:39 / Allies) R-a-n-d-o-m: FUCKING AT THE END NO TOWER
(13:41 / Allies) R-a-n-d-o-m: NO SHIT
(15:08 / Allies) DarKNeSS.RT: blue klets tp
(15:19 / Allies) Newbz: got 2 on me
(15:52 / Allies) Newbz: hall
(16:21 / Allies) R-a-n-d-o-m: hall
(16:22 / Allies) R-a-n-d-o-m: fuck
(17:08 / Allies) Newbz: sh
(17:15 / Allies) DarKNeSS.RT: tc
(17:21 / Allies) DarKNeSS.RT: fs
(17:28 / Allies) Newbz: sh
(17:41 / Allies) igivelessons: chim
(17:47 / Allies) DarKNeSS.RT: altar
(17:49 / Allies) R-a-n-d-o-m: altar
(18:25 / Allies) R-a-n-d-o-m: send ghouls
(18:33 / Allies) Newbz: you know they have bats
(18:35 / Allies) Newbz: get 0-3 chims
(19:03 / Allies) DarKNeSS.RT: finish the hall
(19:51 / Allies) DarKNeSS.RT: im b
(19:54 / Allies) Newbz: we got like
(19:55 / Allies) DarKNeSS.RT: for a sec
(19:56 / Allies) DarKNeSS.RT: remake chims
(20:31 / Allies) Newbz: sh nuke
(20:31 / Allies) DarKNeSS.RT: bats
(20:40 / Allies) Newbz: b?
(20:45 / Allies) DarKNeSS.RT: dispel
(20:45 / Allies) DarKNeSS.RT: them
(21:10 / Allies) Newbz: ddispekl
(21:28 / Allies) R-a-n-d-o-m: orange if u dont sucks we can win easily
(21:39 / Allies) Newbz: sh
(21:46 / Allies) Newbz: tc
(22:00 / All) DarKNeSS.RT: omg
(22:07 / Allies) Newbz: fs
(22:25 / All) DarKNeSS.RT: by how much hp did it live =/
(22:35 / Allies) R-a-n-d-o-m: get shpo
(22:36 / Allies) R-a-n-d-o-m: shop
(22:59 / Allies) R-a-n-d-o-m: kill shop
(23:22 / Allies) Newbz: get bm
(23:34 / Allies) Newbz: bm and tc
(23:37 / Allies) DarKNeSS.RT: bm
(23:47 / Allies) DarKNeSS.RT: tc
(24:30 / Allies) R-a-n-d-o-m: mass towe rup guys
(24:31 / Allies) R-a-n-d-o-m: mass tower
(24:39 / Allies) DarKNeSS.RT: i need a tp
(24:52 / Allies) DarKNeSS.RT: got 2 frosties coming
(25:09 / Allies) Newbz: bm
(25:09 / Allies) R-a-n-d-o-m: god fucker
(25:13 / Allies) DarKNeSS.RT: coming
(25:17 / Allies) DarKNeSS.RT: ill frost armor
(25:26 / Allies) Newbz: got sh
(25:26 / All) alfilcb: haha
(25:29 / All) Newbz: :D
(25:38 / All) DarKNeSS.RT: =/
(26:01 / Allies) R-a-n-d-o-m: expo first
(26:04 / Allies) DarKNeSS.RT: ill send ghouls there
(26:09 / Allies) DarKNeSS.RT: go main
(26:09 / Allies) Newbz: want me to use ur ghouls?
(26:11 / Allies) R-a-n-d-o-m: expo
(26:16 / Allies) DarKNeSS.RT: follow me blue
(26:17 / Allies) DarKNeSS.RT: or die
(26:19 / Allies) DarKNeSS.RT: i send ghouls to expo
(27:06 / Allies) R-a-n-d-o-m: bats
(27:08 / Allies) DarKNeSS.RT: i knopw
(27:09 / Allies) R-a-n-d-o-m: web
(27:10 / Allies) DarKNeSS.RT: fiends in posiiton
(27:12 / Allies) DarKNeSS.RT: cant reach
(27:33 / Allies) DarKNeSS.RT: next
(27:42 / Allies) DarKNeSS.RT: wheres ur shade
(27:50 / Allies) DarKNeSS.RT: keep it with you
(28:22 / Allies) R-a-n-d-o-m: web
(28:46 / Allies) DarKNeSS.RT: final battle
(28:47 / Allies) DarKNeSS.RT: coming
(28:49 / Allies) DarKNeSS.RT: stay focused
(29:04 / Allies) R-a-n-d-o-m: forst
(29:04 / Allies) R-a-n-d-o-m: me
(29:05 / Allies) R-a-n-d-o-m: my
(29:07 / Allies) R-a-n-d-o-m: armor me
(29:09 / Allies) R-a-n-d-o-m: potm
(29:13 / Allies) Newbz: just say fa
(29:41 / Allies) R-a-n-d-o-m: kill exo first
(29:57 / Allies) DarKNeSS.RT: altar main then expo
(30:15 / Allies) R-a-n-d-o-m: u gguys got top?
(30:18 / Allies) Newbz: walker
(30:18 / Allies) DarKNeSS.RT: blue careful
(30:19 / Allies) DarKNeSS.RT: wtf
(30:31 / Allies) R-a-n-d-o-m: i know
(30:37 / Allies) R-a-n-d-o-m: gettting telport
(30:49 / Allies) R-a-n-d-o-m: all top to yellow
(31:04 / Allies) DarKNeSS.RT: wheres aco
(31:06 / Allies) DarKNeSS.RT: err
(31:07 / Allies) DarKNeSS.RT: shade
(31:13 / Allies) Newbz: was on hall
(31:13 / Allies) R-a-n-d-o-m: more tower up
(31:17 / Allies) DarKNeSS.RT: no gold
(31:24 / Allies) Newbz: orange
(31:25 / Allies) R-a-n-d-o-m: all i got
(31:28 / Allies) Newbz: gold him
(31:48 / Allies) R-a-n-d-o-m: gj
(32:01 / Allies) R-a-n-d-o-m: take yellow
(32:02 / Allies) R-a-n-d-o-m: take
(32:10 / Allies) DarKNeSS.RT: misclick
(32:22 / Allies) R-a-n-d-o-m: bm
(32:34 / All) alfilcb: gg
(32:36 / Allies) R-a-n-d-o-m: towe rup more
(32:37 / Allies) R-a-n-d-o-m: save
(32:37 / All) Newbz: Gg
(32:40 / All) R-a-n-d-o-m: lol
(32:41 / Allies) Newbz: nice yellow
(32:42 / All) DarKNeSS.RT: nice games guys
(32:44 / All) DarKNeSS.RT: game*
(32:48 / All) idoGAYstrats: very gg
(32:55 / All) R-a-n-d-o-m: lol fs
(33:11 / All) grom_hellzcream: get carried more blue
(33:14 / Allies) Newbz: take
(33:16 / All) idoGAYstrats: LOL
(33:20 / Allies) Newbz: nvm
(33:21 / All) R-a-n-d-o-m: lol
(33:26 / Allies) DarKNeSS.RT: its fine
(33:28 / Allies) DarKNeSS.RT: i got another base
(34:02 / Allies) Newbz: yllow im gone
(34:06 / Allies) Newbz: use ma dk
(34:12 / Allies) Newbz: Pce good win
(34:23 / All) R-a-n-d-o-m: fucking bitch
(34:27 / All) R-a-n-d-o-m: bats mh
(35:15 / Allies) DarKNeSS.RT: ya its dead
(35:20 / Allies) R-a-n-d-o-m: fuck
(35:36 / Allies) DarKNeSS.RT: like i said i got 2nd base
(35:37 / Allies) DarKNeSS.RT: so we fine
(35:46 / Allies) R-a-n-d-o-m: towe rup m ore
(35:48 / Allies) R-a-n-d-o-m: tower up more
(35:53 / Allies) DarKNeSS.RT: give me ur wood
(36:04 / Allies) DarKNeSS.RT: no one with wood?
(36:13 / Allies) DarKNeSS.RT: good
(36:34 / Allies) R-a-n-d-o-m: check expo first
(36:49 / Allies) DarKNeSS.RT: sending shade relax
(37:36 / Allies) DarKNeSS.RT: lets go
(38:52 / All) R-a-n-d-o-m: lol
(39:06 / Allies) R-a-n-d-o-m: bm
(39:10 / All) R-a-n-d-o-m: lol
(39:16 / Allies) R-a-n-d-o-m: coil teal
(39:17 / Allies) R-a-n-d-o-m: yellow
(39:18 / Allies) R-a-n-d-o-m: coil him
(39:20 / Allies) DarKNeSS.RT: colldown
(39:24 / Allies) R-a-n-d-o-m: omfg
(39:31 / All) R-a-n-d-o-m: lol
(39:33 / All) R-a-n-d-o-m: bm
(39:35 / All) R-a-n-d-o-m: funny shit
(39:43 / Allies) DarKNeSS.RT: at least i got bm
(39:48 / Allies) R-a-n-d-o-m: yea
(39:54 / Allies) R-a-n-d-o-m: kill altar fast
(40:00 / Allies) DarKNeSS.RT: it was pink bm?
(40:04 / Allies) R-a-n-d-o-m: kill altar
(40:05 / Allies) R-a-n-d-o-m: yea
(40:07 / Allies) R-a-n-d-o-m: pin's bm
(40:08 / Allies) R-a-n-d-o-m: pink
(40:13 / Allies) DarKNeSS.RT: hes gone
(40:17 / Allies) DarKNeSS.RT: they prob got no gold
(40:24 / Allies) igivelessons: ?
(40:31 / Allies) DarKNeSS.RT: altar here
(40:33 / Allies) DarKNeSS.RT: and rows
(40:43 / All) idoGAYstrats: did we win yet?
(42:07 / Allies) igivelessons: expo gain yellow
(42:44 / All) DarKNeSS.RT: ur bm full health yet?
(43:01 / All) grom_hellzcream: gg
(43:06 / All) DarKNeSS.RT: ya gg
(43:07 / All) DarKNeSS.RT: close game
(43:15 / All) DarKNeSS.RT: cant believe i let my allies dk die =/
(43:23 / All) grom_hellzcream: lol
(45:11 / Allies) DarKNeSS.RT: yep
(45:54 / All) R-a-n-d-o-m: y still playing
(45:55 / All) R-a-n-d-o-m: damn
(45:59 / All) R-a-n-d-o-m: its over
(46:14 / Allies) R-a-n-d-o-m: did u check here?
(46:18 / Allies) DarKNeSS.RT: earlier
(46:21 / Allies) DarKNeSS.RT: the shade is scouting
(46:25 / All) R-a-n-d-o-m: fuck i m going to watch porn
(46:27 / Allies) DarKNeSS.RT: bastard
(46:42 / Allies) DarKNeSS.RT: sned me wood
(47:06 / Allies) DarKNeSS.RT: you guys got any wood
(47:07 / Allies) DarKNeSS.RT: =/
(47:18 / Allies) igivelessons: :)
(48:42 / All) R-a-n-d-o-m: oh
(48:43 / All) R-a-n-d-o-m: shit
(48:48 / All) R-a-n-d-o-m: poor bm
(48:52 / All) R-a-n-d-o-m: damn i love